 Dungeon Crawl Stone Soup version 0.18.1-5-g4a78601 (webtiles) character file.

89 pipel the Skirmisher (level 4, -5/37 HPs)
             Began as a Formicid Chaos Knight on May 14, 2016.
             Slain by Zhenya25pyc's ghost (7 damage)
             ... on level 3 of the Dungeon.
             The game lasted 00:08:37 (1747 turns).

pipel the Skirmisher (Formicid Chaos Knight)        Turns: 1747, Time: 00:08:38

Health: -5/37      AC:  8    Str: 18    XL:     4   Next: 84%
Magic:  13/13      EV: 11    Int: 11    God:    Xom [....*.]
Gold:   156        SH:  0    Dex: 10    Spells: 0 memorised, 3 levels left

rFire  . . .     SeeInvis +     a - +1 falchion (chaos)
rCold  + . .     Gourm    .     v - +3 ring mail {rC+}
rNeg   . . .     Faith    .     (no shield)
rPois  .         Spirit   .     (helmet unavailable)
rElec  .         Dismiss  .     (no cloak)
rCorr  .         Reflect  .     (no gloves)
SustAt .         Harm     .     (no boots)
MR     .....                    (no amulet)
Stlth  ..........               (no ring)
                                d - ring of magical power

@: not resistant to hostile enchantments, extremely unstealthy
A: permanent stasis, dig shafts and tunnels, four strong arms, antennae 3
a: Dig, Shaft Self, Renounce Religion


You were on level 3 of the Dungeon.
You worshipped Xom.
You were a beloved toy of Xom.
You were not hungry.

You visited 1 branch of the dungeon, and saw 3 of its levels.

You collected 156 gold pieces.

Inventory:

Hand Weapons
 a - a +1 falchion of chaos (weapon)
Armour
 b - a +2 leather armour
 m - a +0 scale mail
 p - a +0 chain mail
 v - a +3 ring mail of cold resistance (worn)
Jewellery
 d - a ring of magical power (left hand)
 r - an uncursed amulet of dismissal
Scrolls
 j - 3 scrolls of identify
 n - 3 scrolls of enchant armour
Potions
 e - 2 potions of haste {unknown}
 i - 5 potions of curing {unknown}
 l - a potion of agility {unknown}
 s - a potion of lignification {unknown}
Comestibles
 c - 5 bread rations
 f - 2 chunks of flesh
 g - 2 meat rations
 h - 2 fruits
 k - a slice of pizza


   Skills:
 + Level 4.2 Fighting
 + Level 3.6 Long Blades
 + Level 3.1 Armour
 + Level 1.6 Dodging


You had 3 spell levels left.
You didn't know any spells.

Dungeon Overview and Level Annotations

Branches:
Dungeon (3/15)

Altars:
Xom

Annotations:
D:3 Zhenya25pyc's ghost, amateur GrFi


Innate Abilities, Weirdness & Mutations

You are under a permanent stasis effect.
You can dig through walls and to a lower floor.
Your four strong arms can wield two-handed weapons with a shield.
You have a pair of large antennae on your head (SInv).


Message History

You take 2 damage, and have 15/37 hp.
You hit Zhenya25pyc's ghost but do no damage.
You smell something strange.
Zhenya25pyc's ghost is severely damaged.
You hit Zhenya25pyc's ghost but do no damage.
Zhenya25pyc's ghost is severely damaged.
Zhenya25pyc's ghost hits you!
* * * LOW HITPOINT WARNING * * *
You take 7 damage, and have 8/37 hp.
You barely miss Zhenya25pyc's ghost.
Zhenya25pyc's ghost is severely damaged.
Zhenya25pyc's ghost hits you!
* * * LOW HITPOINT WARNING * * *
You take 7 damage, and have 1/37 hp.
You hit Zhenya25pyc's ghost.
Zhenya25pyc's ghost is almost destroyed.
You hit Zhenya25pyc's ghost.
Zhenya25pyc's ghost is almost destroyed.
Zhenya25pyc's ghost hits you!
You die...

##......##.# .....##.#
######.#..##...## ..#
#.#.##.... . #.#.#..#.#
.. # ### #..#..#?# ...
## ##.###.#..#..# ..>.
.# #...##.##..§§###.....
.###...##.##...§.§......
..#..#..#.##....@W......
#.#.###.#.##....####....
#.(.# #...##....# .
##.## ##..####### #.#
#..# ### ###.# #.<.#
#####


You could see Zhenya25pyc's ghost.

Vanquished Creatures
  3 adders
  An ooze (D:2)
  2 dart slugs
  2 giant geckos (D:2)
  7 hobgoblins
  3 jackals
  6 bats
  A giant newt (D:2)
  9 goblins
  8 kobolds
  11 rats
53 creatures vanquished.

Vanquished Creatures (others)
  A hound (D:2)
  An ooze (D:2)
  A goblin (D:2)
3 creatures vanquished.

Grand Total: 56 creatures vanquished

Notes
Turn   | Place    | Note
--------------------------------------------------------------
     0 | D:1      | pipel the Formicid Chaos Knight began the quest for the Orb.
     0 | D:1      | Reached XP level 1. HP: 18/18 MP: 1/1
    76 | D:1      | Reached skill level 1 in Dodging
    76 | D:1      | Reached XP level 2. HP: 22/24 MP: 2/2
   310 | D:1      | XOM: harmless Conj miscast
   476 | D:2      | Reached XP level 3. HP: 30/30 MP: 3/3
   477 | D:2      | Reached skill level 4 in Fighting
   528 | D:2      | XOM: harmless Erth miscast
   878 | D:2      | XOM: harmless Chrm miscast
   906 | D:2      | XOM: noise
  1173 | D:2      | XOM: scenery: create altars
  1265 | D:2      | Reached XP level 4. HP: 33/37 MP: 4/4
  1354 | D:3      | XOM: stealth player
  1357 | D:3      | Noticed Ijyb
  1406 | D:2      | Found a shimmering altar of Xom.
  1506 | D:2      | XOM: smoke on damage
  1529 | D:3      | Noticed Ijyb
  1529 | D:3      | Ijyb changed into Ijyb the hound
  1529 | D:3      | XOM: polymorph Ijyb -> Ijyb the hound
  1536 | D:2      | Killed Ijyb the hound
  1536 | D:2      | XOM: divine lightning (protected)
  1722 | D:3      | Noticed Zhenya25pyc's ghost (amateur GrFi)
  1728 | D:3      | XOM: fog
  1734 | D:3      | XOM: enchant monster (good)
  1740 | D:3      | XOM: swap monsters
  1745 | D:3      | HP: 1/37 [Zhenya25pyc's ghost (7)]
  1747 | D:3      | Slain by Zhenya25pyc's ghost

Skill      XL: |  1  2  3  4 |
---------------+-------------+-----
Dodging        | 1 |  1.6
Fighting       | 4 |  4.2
Armour         | 3 |  3.1
Long Blades    | |  3.6

Action                   |  1- 3 |  4- 6 || total
-------------------------+-------+-------++-------
Melee: Falchion          |   117 |    89 ||   206
  Use: Scroll            |       |     8 ||     8
 Stab: Petrified         |     1 |       ||     1
  Eat: Chunk             |     1 |     2 ||     3
Armor: Leather armour    |    10 |       ||    10
       Scale mail        |    23 |       ||    23
       Chain mail        |    45 |    67 ||   112
       Ring mail         |       |     9 ||     9
Dodge: Dodged            |    72 |    49 ||   121
